 Dungeon Crawl Stone Soup version 0.30.1-4-g462c640d31 (webtiles) character file.

Game seed: 4971885386041018104

119 hawla the Firebug (level 5, 0/39 HPs)
             Began as a Meteoran Fire Elementalist on Aug 19, 2023.
             Slain by a sleepcap (3 damage)
             ... on level 4 of the Dungeon.
             The game lasted 00:02:23 (321 turns).

hawla the Firebug (Meteoran Fire Elementalist)       Turns: 321, Time: 00:02:24

Health: 0/39       AC:  2    Str:  9    XL:     5   Next: 50%
Magic:  0/11       EV: 13    Int: 18    God:
Gold:   83         SH:  0    Dex: 15    Spells: 4/11 levels left

rFire   . . .        h - +0 mace
rCold   . . .        (no shield)
rNeg    . . .        a - +0 robe
rPois   .            (no helmet)
rElec   .            (no cloak)
rCorr   .            (no gloves)
SInv    .            (no boots)
Will    .....        (no amulet)
Stlth   +            (no ring)
HPRegen 0.26/turn    (no ring)
MPRegen 0.12/turn

%: no passive effects
@: very slightly contaminated, glowing
A: sense surroundings 1, otherworldly, glowing, explore regen
a: no special abilities


You were on level 4 of the Dungeon.
You visited 1 branch of the dungeon, and saw 4 of its levels.

You collected 83 gold pieces.

Inventory:

Hand Weapons
 h - a +0 mace (weapon)
Armour
 a - a +0 robe (worn)
Scrolls
 f - a scroll of identify {unknown}
 g - a scroll of immolation {unknown}
Potions
 b - a potion of magic
 c - 2 potions of curing {unknown}
 d - a potion of attraction {unknown}
 e - a potion of lignification {unknown}


   Skills:
 - Level 0.5 Fighting
 - Level 3.2 Dodging
 - Level 1.4 Stealth
 - Level 3.6 Spellcasting
 + Level 2.1 Conjurations
 - Level 5.3 Fire Magic


You had 4 spell levels left.
You knew the following spells:

 Your Spells              Type           Power      Damage    Failure   Level
a - Foxfire               Conj/Fire      64%        2x1d7     3%          1
b - Scorch                Fire           44%        2d7       2%          2
c - Flame Wave            Conj/Fire      16%        2d7       32%         4

Your spell library contained the following spells:

 Spells                   Type           Power      Damage    Failure   Level
 Inner Flame              Hex/Fire       12%        N/A       16%         3
 Volatile Blastmotes      Fire/Tloc      24%        2d12      16%         3
 Sublimation of Blood     Necr           3%         N/A       24%         2
 Petrify                  Tmut/Erth      3%         N/A       83%         4
 Irradiate                Conj/Tmut      3%         3d12      95%         5


Dungeon Overview and Level Annotations

Branches:
Dungeon (4/15) Zot: 2078
 Temple: D:4-7

Altars:


Innate Abilities, Weirdness & Mutations

You passively map a small area around you.
You are easily found by Zot.
You glow in the dark.
You regain HP and MP as you explore.


Message History

The sleepcap releases spores at you!
Unknown command.
Casting: Scorch (safe; 2% risk of failure)
Confirm with . or Enter, or press ? or * to list all spells.
The spell is extremely dangerous to miscast (32% risk of failure)!
Continue anyway?
Casting: Flame Wave (extremely dangerous; 32% risk of failure)
Press: ? - help, Dir - look around, f - activate You miscast Flame Wave.
You are very lightly contaminated with residual magic.
You are blasted with magical energy!
The sleepcap barely misses you.
Unknown command.
Casting: Flame Wave (extremely dangerous; 32% risk of failure)
Confirm with . or Enter, or press ? or * to list all spells.
You don't have enough magic to cast this spell.
You hit the sleepcap but do no damage.
The sleepcap is severely damaged.
You hear the slow hiss of a distant avalanche of sand.
The sleepcap barely misses you.
Casting: Flame Wave (extremely dangerous; 32% risk of failure)
Confirm with . or Enter, or press ? or * to list all spells.
You conjure some foxfire!
The sleepcap releases spores at you but does no damage.
The orc hits you but does no damage.
You hit the sleepcap.
The sleepcap is almost destroyed.
The foxfire hits the orc!
You kill the orc!
The foxfire hits the orc.
The orc is moderately wounded.
The sleepcap releases spores at you! The orc hits you but does no damage. x2
The sleepcap releases spores at you!
* * * LOW HITPOINT WARNING * * *
Casting: Foxfire (safe; 3% risk of failure)
Confirm with . or Enter, or press ? or * to list all spells.
You conjure some foxfire!
The orc hits you with a +0 dagger.
* * * LOW HITPOINT WARNING * * *
The foxfire hits the orc.
The orc is heavily wounded.
The sleepcap releases spores at you.
You die...

#########
........#....|.........§
........+............>..
........#...............
......................#
,
...........##.........#
* , ,
....#......##.........#
............#...of)...#
,,
.............)..@o..#, ,
##..........###.#v#.#
............* #.###.#..
*
.......########........
.......# #.....##.....#
...†...###.............
................#......
................# .....
, , ................#,
.... *


You could see a sleepcap (combustible, ally target) and 2 orcs.

Vanquished Creatures
  An ogre (D:4)
  2 adders (D:2)
  2 orcs (D:4)
  2 ball pythons (D:2)
  2 endoplasms (D:4)
  A hobgoblin (D:1)
  4 jackals (D:1)
  A kobold (D:4)
  A frilled lizard (D:1)
  A rat (D:1)
17 creatures vanquished.

Vanquished Creatures (others)
  42 foxfires
42 creatures vanquished.

Grand Total: 59 creatures vanquished

Notes
Turn   | Place    | Note
-------+----------+-------------------------------------------
     0 | D:1      | hawla the Meteoran Fire Elementalist began the quest for
                  | the Orb.
     0 | D:1      | Reached XP level 1. HP: 14/14 MP: 5/5
    74 | D:1      | Reached skill level 4 in Fire Magic
    79 | D:1      | Reached XP level 2. HP: 17/20 MP: 1/6
   109 | D:2      | Found a faded altar of an unknown god.
   116 | D:2      | Reached XP level 3. HP: 24/26 MP: 3/8
   126 | D:2      | HP: 1/26 [poisoned by an adder]
   189 | D:3      | Learned a level 2 spell: Scorch
   217 | D:4      | Noticed an ogre
   220 | D:4      | Killed an ogre
   221 | D:4      | Reached skill level 5 in Fire Magic
   221 | D:4      | Reached XP level 4. HP: 16/34 MP: 2/10
   221 | D:4      | Reached XP level 5. HP: 19/39 MP: 2/11
   226 | D:4      | Learned a level 4 spell: Flame Wave
   321 | D:4      | Slain by a sleepcap

Illustrated notes

Levels and vault maps discovered:
D:1:      dpeg_arrival_oval, layout_loops_ring
D:2:      layout_basic, nicolae_ecumenical_snake_handling
D:3:      minmay_wonky_spiral, layout_loops_cross, st_stairs_7, uniq_terence,
          uniq_crazy_yiuf_cottage, uniq_jessica
D:4:      layout_basic, kennysheep_mini_moat, enter_ossuary_1, uniq_duvessa,
          uniq_grinder

Skill      XL: |  1  2  3  4  5 |
---------------+----------------+-----
Fire Magic     | 4 5 |  5.3
Spellcasting   | 3 |  3.6
Dodging        | 3 |  3.2
Conjurations   | 2 |  2.1
Fighting       | |  0.5
Stealth        | |  1.4

Action                     |  1- 3 |  4- 6 || total
---------------------------+-------+-------++-------
  Melee: Unarmed           |    16 |     2 ||    18
         Mace              |       |     2 ||     2
   Cast: Foxfire           |    18 |    10 ||    28
         Scorch            |     3 |     3 ||     6
 Armour: Robe              |     7 |     5 ||    12
  Dodge: Dodged            |    31 |     3 ||    34
